 Dungeon Crawl Stone Soup version 0.28.0 (webtiles) character file.

Game seed: 7023362874671952657

81 Morbidden the Conjurer (level 4, -1/31 HPs)
             Began as a Demonspawn Conjurer on Feb 15, 2022.
             Slain by an orc wizard (4 damage)
             ... on level 3 of the Dungeon.
             The game lasted 00:03:16 (2202 turns).

Morbidden the Conjurer (Demonspawn Conjurer)        Turns: 2202, Time: 00:03:16

Health: -1/31      AC:  1    Str:  8    XL:     4   Next: 19%
Magic:  5/8        EV: 12    Int: 21    God:
Gold:   157        SH:  0    Dex: 11    Spells: 5/8 levels left

rFire   . . .      SeeInvis .   (no weapon)
rCold   . . .      Faith    .   (no shield)
rNeg    . . .      Spirit   .   (no armour)
rPois   .          Reflect  .   (no helmet)
rElec   .          Harm     .   (no cloak)
rCorr   .          Rampage  .   (no gloves)
Will    .....                   b - +0 pair of boots
Stlth   ++........              g - amulet of regeneration
HPRegen 0.90/turn               (no ring)
MPRegen 0.11/turn               (no ring)

@: no status effects
A: condensation shield, demonic touch 1
a: no special abilities


You were on level 3 of the Dungeon.
You visited 1 branch of the dungeon, and saw 3 of its levels.

You collected 157 gold pieces.

Inventory:

Missiles
 f - a throwing net
Armour
 a - a +0 robe
 b - a +0 pair of boots (worn)
Jewellery
 g - an amulet of regeneration (around neck)
Potions
 h - a potion of mutation {unknown}


   Skills:
 * Level 0.8 Fighting
 + Level 0.2 Short Blades
 + Level 1.9 Dodging
 + Level 2.2 Stealth
 + Level 0.1 Shields
 + Level 0.1 Unarmed Combat
 * Level 2.8 Spellcasting
 * Level 4.8 Conjurations


You had 5 spell levels left.
You knew the following spells:

 Your Spells              Type           Power      Damage    Failure   Level
a - Magic Dart            Conj           92%        1d7       1%          1
b - Searing Ray           Conj           46%        2d6       2%          2

Your spell library contained the following spells:

 Spells                   Type           Power      Damage    Failure   Level
 Dazzling Flash           Conj/Hex       26%        N/A       16%         3
 Sublimation of Blood     Necr           2%         N/A       21%         2
 Wereblood                Tmut           2%         N/A       21%         2
 Fulminant Prism          Conj/Hex       6%         3d7       45%         4
 Iskenderun's Mystic Bla  Conj/Tloc      13%        2d5       45%         4
 Summon Hydra             Summ           1%         N/A       100%        7


Dungeon Overview and Level Annotations

Branches:
Dungeon (3/15)

Altars:


Innate Abilities, Weirdness & Mutations

A meltable shield of frost defends you. (SH +0)
Your touch may inflict minor irresistible damage on your foes.


Message History

You hear some strange, mumbled words.
A magic dart appears from out of thin air!
Deactivating autopickup; reactivate with Ctrl-A.
The magic dart hits you.
Unknown command.
Unknown command.
The searing ray hits something.
The searing ray hits the orc.
The orc is severely wounded.
You hear some strange, mumbled words.
A puff of flame appears from out of thin air!
The puff of flame hits you!
Unknown command.
Unknown command.
Unknown command.
Unknown command.
It was a potion of magic.
Magic courses through your body.
The orc throws a boomerang.
The boomerang hits you. Something hits you.
* * * LOW HITPOINT WARNING * * *
Unknown command.
A magic dart appears from out of thin air!
The magic dart hits you!
* * * LOW HITPOINT WARNING * * *
Casting: Searing Ray (safe; 2% risk of failure)
Confirm with . or Enter, or press ? or * to list all spells.
You don't know that spell.
Casting: Searing Ray (safe; 2% risk of failure)
Confirm with . or Enter, or press ? or * to list all spells.
Aiming: Searing Ray (safe; 2% risk of failure)
Press: ? - help, Shift-Dir - straight line, f/p - orc
Aim: an orc, wielding a +0 dagger, wearing a +0 leather armour and quivering boomerangs (severely wounded, 78% to hit)
The searing ray hits something.
The searing ray misses the orc. (Press . to maintain the ray.) Unknown command.
Unknown command.
Unknown command.
The searing ray hits something but does no damage.
The searing ray hits the orc!
You kill the orc!
Something hits you.
You die...

#.# ###.####.##.#
#.# #.# #.##.#
#)# #.####.##.#
#o# #..........
#)######.########
## #.......).# #.
#..#####.## #.#
#..# #.# #. #..#
#@# ## #..# #<# #
#o.#^....#
#.........
..#.###.## # #.#
#.. ###


There were no monsters in sight!

Vanquished Creatures
  An adder (D:3)
  A worm (D:2)
  2 dart slugs
  4 orcs (D:3)
  4 endoplasms
  5 giant cockroaches
  6 goblins
  8 hobgoblins
  3 jackals (D:1)
  3 kobolds
  A quokka (D:3)
  3 ball pythons (D:1)
  7 bats
  5 frilled lizards
  2 rats
55 creatures vanquished.

Notes
Turn   | Place    | Note
-------+----------+-------------------------------------------
     0 | D:1      | Morbidden the Demonspawn Conjurer began the quest for the
                  | Orb.
     0 | D:1      | Reached XP level 1. HP: 13/13 MP: 3/3
   396 | D:1      | Gained mutation: A meltable shield of frost defends you.
                  | (SH +0) [demonic ancestry]
   396 | D:1      | Reached XP level 2. HP: 19/19 MP: 1/5
   542 | D:1      | Learned a level 2 spell: Searing Ray
  1079 | D:1      | Reached XP level 3. HP: 21/24 MP: 3/6
  1374 | D:1      | Found a faded altar of an unknown god.
  2138 | D:3      | Discovered your monstrous ancestry.
  2138 | D:3      | Gained mutation: Your touch may inflict minor irresistible
                  | damage on your foes. [demonic ancestry]
  2138 | D:3      | Reached XP level 4. HP: 31/31 MP: 0/8
  2200 | D:3      | HP: 1/31 [something/magic dart (8)]
  2202 | D:3      | Slain by an orc wizard

Illustrated notes

Levels and vault maps discovered:
D:1:      dpeg_arrival_orchard, layout_rooms, chequers_ecumenical_altar_twisty,
          minmay_misc_feat_square, serial_bayou_pond_e, minmay_misc_feat_doors,
          st_stairs_14
D:2:      layout_rooms, minmay_domino_2
D:3:      layout_loops_ring, portal_sewer_entry_f, uniq_ijyb

Skill      XL: |  1  2  3 |
---------------+----------+-----
Stealth        | 2 |  2.2
Fighting       | |  0.8
Short Blades   | |  0.2
Dodging        | |  1.9
Shields        | |  0.1
Unarmed Combat | |  0.1
Spellcasting   | |  2.8
Conjurations   | |  4.8

Action                   |  1- 3 |  4- 6 || total
-------------------------+-------+-------++-------
Melee: Unarmed           |    51 |     1 ||    52
       Dagger            |     9 |       ||     9
 Cast: Magic Dart        |   102 |       ||   102
       Searing Ray       |       |     3 ||     3
  Use: Scroll            |     1 |       ||     1
       Potion            |       |     1 ||     1
 Stab: Sleeping          |     1 |       ||     1
Armor: Robe              |    18 |       ||    18
Dodge: Dodged            |    43 |     6 ||    49
Block: Other             |    11 |       ||    11
